Map: Kairos Junction LE

Players

liquidthermy (uThermal)

  • Race: Terran Terran
  • League: Master
  • Spawn Location: 5:00

ShoWTimE - Winner!

  • Race: Protoss Protoss
  • League: Grandmaster
  • Spawn Location: 11:00

Event: IEM Season 13 - Katowice Server Qualifiers Europe

VOD

Have the link to the VOD?

Description

Time

  • Played on: Jan. 8, 2019, 1:44 p.m.
  • Length: 7:53

All games in this series

Show
View Real Time Build Order
Export as new Build Order

liquidthermy Terran 

Build Orders: Reaper Expand 

Get SALT Encoding   

  12  0:01  SCV  
  13  0:13  SCV  
  14  0:17  Supply Depot  
  14  0:25  SCV  
  15  0:39  SCV  
  15  0:40  Barracks  
  16  0:44  Refinery  
  16  0:51  SCV  
  17  1:03  SCV  
  18  1:15  SCV  
  19  1:30  Reaper, Orbital Command  
  20  1:52  Command Center  
  20  1:56  SCV  
  20  1:58  Supply Depot  
  21  2:01  Marine  
  21  2:08  SCV  
  23  2:12  Factory  
  23  2:20  Barracks Reactor  
  23  2:21  Refinery  
  23  2:22  SCV  
  24  2:34  SCV  
  24  2:46  SCV  
  25  2:56  Starport  
  25  2:57  Marine x2, Widow Mine  
  29  3:00  SCV  
  29  3:04  Orbital Command  
  30  3:12  SCV  
  31  3:15  Marine, Barracks  
  31  3:19  Factory Tech Lab  
  32  3:22  Orbital Command  
  32  3:24  SCV  
  32  3:26  Marine  
  34  3:33  Marine  
  35  3:36  SCV  
  35  3:37  Cyclone  
  39  3:41  Viking  
  39  3:48  SCV  
  42  3:50  Marine, Supply Depot  
  42  3:53  SCV  
  43  3:57  Marine  
  43  4:00  SCV  
  43  4:02  Barracks  
  45  4:05  SCV  
  46  4:15  Marine, Factory Tech Lab  
  46  4:16  Starport Reactor, Stimpack  
  47  4:20  SCV x2  
  47  4:22  Marine  
  47  4:23  Marine  
  51  4:29  Supply Depot  
  51  4:32  Refinery  
  51  4:33  Siege Tank  
  54  4:46  Supply Depot  
  54  4:50  Marine x3, SCV x2  
  59  4:59  Starport Reactor  
  59  5:01  Supply Depot  
  59  5:03  Marine, SCV x2  
  62  5:08  Marine, Siege Tank  
  62  5:12  Supply Depot  
  62  5:14  Marine  
  66  5:15  Marine  
  66  5:19  SCV  
  66  5:20  Marine  
  70  5:23  Supply Depot  
  70  5:25  Marine  
  71  5:28  Marine  
  71  5:29  SCV  
  72  5:39  Medivac  
  72  5:40  Siege Tank, Medivac  
  79  5:43  Marine  
  79  5:46  SCV  
  79  5:47  Marine, Supply Depot  
  81  5:51  Marine x3  
  84  5:59  Supply Depot  
  84  6:00  Marine  
  85  6:05  Marine  
  85  6:09  Marine, Medivac  
  89  6:14  Marine  
  89  6:15  Marine  
  89  6:16  Combat Shield  
  91  6:18  Marine  
  91  6:23  Marine  
  92  6:27  Marine, Medivac  
  92  6:32  Marine  
  96  6:33  Marine  
  96  6:34  Siege Tank  
  96  6:36  Marine  
  99  6:41  Marine  
  99  6:45  Marine  
  100  6:50  Marine  
  100  6:51  Marine  
  100  6:52  Medivac  
  104  6:55  Marine  
  104  6:59  SCV  
  104  7:00  Marine  
  106  7:02  Marine, Supply Depot  
  106  7:07  Marine  
  108  7:13  Marine  
  108  7:14  Bunker  
  109  7:21  Marine  
  109  7:27  Marine  
  91  7:35  Marine  
Show
View Real Time Build Order
Export as new Build Order

ShoWTimE Protoss - Winner!

Build Orders: 1 Gate Expand, Blink Stalkers, Colossus Rush 

Get SALT Encoding   

  12  0:00  Probe  
  13  0:12  Probe  
  14  0:17  Pylon  
  14  0:24  Probe  
  15  0:32  Probe  
  15  0:38  Gateway  
  15  0:40  Probe  
  16  0:46  Assimilator  
  17  0:51  Probe  
  18  1:03  Probe  
  20  1:18  Probe  
  20  1:26  Cybernetics Core  
  20  1:36  Nexus  
  20  1:37  Probe  
  21  1:45  Pylon  
  21  1:49  Probe  
  21  1:53  Assimilator  
  22  1:54  Adept  
  22  2:01  Probe  
  25  2:13  Probe  
  26  2:19  Warp Gate  
  26  2:20  Stalker  
  28  2:25  Probe  
  28  2:37  Probe  
  28  2:41  Twilight Council  
  29  2:44  Probe  
  29  2:45  Probe  
  31  2:52  Probe  
  31  2:53  Probe  
  31  2:57  Blink  
  33  3:03  Probe x2, Adept  
  37  3:15  Probe  
  37  3:16  Probe  
  39  3:24  Gateway  
  39  3:27  Probe  
  39  3:28  Gateway  
  39  3:30  Probe  
  41  3:39  Probe  
  42  3:43  Robotics Facility, Probe  
  43  3:50  Pylon  
  43  3:51  Probe  
  44  3:56  Probe  
  44  4:02  Assimilator  
  45  4:03  Probe  
  45  4:04  Assimilator  
  45  4:08  Pylon  
  45  4:09  Probe  
  47  4:15  Probe  
  48  4:21  Probe  
  48  4:22  Stalker x2  
  53  4:25  Observer  
  53  4:27  Probe  
  53  4:29  Stalker  
  54  4:33  Probe  
  54  4:35  Forge  
  54  4:36  Pylon  
  56  4:40  Shield Battery  
  56  4:43  Robotics Bay  
  56  4:45  Probe  
  57  4:47  Observer  
  58  4:54  Pylon  
  58  5:00  Charge  
  58  5:06  Gateway  
  58  5:08  Protoss Ground Weapons Level 1  
  58  5:11  Gateway  
  58  5:15  Colossus  
  58  5:23  Pylon  
  58  5:24  Extended Thermal Lance  
  58  5:28  Nexus  
  64  5:36  Probe  
  64  5:44  Probe  
  64  5:48  Sentry, Probe, Zealot x2  
  72  5:53  Colossus  
  72  5:54  Gateway  
  72  5:56  Probe  
  73  6:00  Probe  
  74  6:08  Probe  
  81  6:13  Probe  
  81  6:14  Zealot x2  
  86  6:20  Pylon  
  86  6:30  Pylon  
  86  6:33  Probe  
  86  6:38  Probe  
  87  6:41  Zealot x5  
  87  6:43  Colossus  
  97  6:54  Shield Battery  
  103  6:58  Zealot  
  103  7:01  Pylon  
  105  7:07  Zealot x2, Shield Battery  
  109  7:11  Zealot  
  109  7:15  Zealot x2  
  113  7:26  Zealot  
  105  7:32  Probe, Zealot x3  
  91  7:38  Zealot x2  

Tags
 
Add a new tag
Caveats
  • Supply blocks, unpowered buildings, or Contaminate may cause inaccurate times.
  • Supply counts are checked every 10 seconds.